 Dungeon Crawl Stone Soup version 0.28-a0-722-gc0678643b6 (webtiles) character file.

Game seed: 15198187044480245874

142 Lekart the Skirmisher (level 5, -1/46 HPs)
             Began as a Draconian Monk on Oct 24, 2021.
             Slain by a crimson imp (2 damage)
             ... summoned by Natasha
             ... on level 2 of the Dungeon.
             The game lasted 00:02:05 (1778 turns).

Lekart the Skirmisher (Draconian Monk)              Turns: 1778, Time: 00:02:05

Health: -1/46      AC:  0    Str: 14    XL:     5   Next: 4%
Magic:  5/5        EV: 15    Int: 11    God:
Gold:   48         SH:  0    Dex: 13    Spells: 4/4 levels left

rFire   . . .      SeeInvis .   (weapon currently unavailable)
rCold   . . .      Faith    .   (shield currently unavailable)
rNeg    . . .      Spirit   .   (armour unavailable)
rPois   .          Reflect  .   (helmet currently unavailable)
rElec   .          Harm     .   (cloak currently unavailable)
rCorr   .          Rampage  .   (gloves currently unavailable)
Will    .....                   (boots currently unavailable)
Stlth   ++........              (no amulet)
HPRegen 0.15/turn               (ring currently unavailable)
MPRegen 0.09/turn               (ring currently unavailable)

@: pig-form, very quick
A: fast, no casting, AC +5, small, unfitting armour, (cold-blooded)
a: no special abilities


You were on level 2 of the Dungeon.
You were a filthy swine.
You visited 1 branch of the dungeon, and saw 2 of its levels.

You collected 48 gold pieces.

Inventory:

Hand Weapons
 a - a +0 falchion
 f - a +2 dagger of venom
 m - a +10 club (melded)
Wands
 l - a wand of flame (21)
Scrolls
 d - a scroll of acquirement {unknown}
 e - a scroll of teleportation {unknown}
 g - 3 scrolls of identify {unknown}
 k - a scroll of immolation {unknown}
Potions
 b - 2 potions of flight {unknown}
 c - a potion of berserk rage {unknown}
 h - a potion of heal wounds {unknown}
 i - 2 potions of mutation {unknown}
 j - a potion of attraction {unknown}
 n - a potion of curing


   Skills:
 + Level 4.1 Fighting
 + Level 1.2(2.6) Short Blades
 + Level 3.5(3.7) Long Blades
 + Level 3.7 Dodging
 + Level 2.7 Stealth


You had 4 spell levels left.
You didn't know any spells.
Your spell library contained the following spells:

 Spells                   Type           Power      Damage    Failure   Level
 Animate Skeleton         Necr           0%         N/A       34%         1
 Apportation              Tloc           0%         N/A       34%         1
 Summon Small Mammal      Summ           0%         N/A       34%         1


Dungeon Overview and Level Annotations

Branches:
Dungeon (2/15)

Altars:
Nemelex Xobeh

Annotations:
D:2 Natasha


Innate Abilities, Weirdness & Mutations

You are a filthy swine.
You move quickly.
Your equipment is almost entirely melded.
You are incapable of wielding weapons or throwing items.
You cannot cast spells.
((Your plain brown scales are hard. (AC +5)))
You cannot fit into any form of body armour.
((You are cold-blooded and may be slowed by cold attacks.))


Message History

Natasha zaps a wand.
You turn into a filthy swine.
Your +10 club melds into your body.
The crimson imp hits you.
You miss Natasha.
Natasha is severely wounded.
Natasha barely misses you. The crimson imp misses you.
You closely miss Natasha.
Natasha is severely wounded.
Natasha mumbles some strange words.
The crimson imp hits you.
You miss Natasha.
Natasha is severely wounded.
Natasha zaps a wand.
You resist with some effort. The crimson imp hits you.
You closely miss Natasha.
Natasha is severely wounded.
The crimson imp summons a swarm of flies.
You closely miss Natasha.
Natasha is severely wounded.
The crimson imp misses you.
Natasha stares at you and mumbles some strange words.
The magic dart hits you!
You hit Natasha but do no damage.
Natasha is severely wounded.
The crimson imp hits you. Natasha claws you! The crimson imp misses you.
You hit Natasha but do no damage.
Natasha is severely wounded.
The crimson imp misses you. Natasha casts a spell at you.
The magic dart hits you!
* * * LOW HITPOINT WARNING * * *
The crimson imp hits you.
* * * LOW HITPOINT WARNING * * *
You miss Natasha.
Natasha is severely wounded.
The crimson imp closely misses you. Natasha casts a spell at you.
The magic dart hits you!
* * * LOW HITPOINT WARNING * * *
The crimson imp picks up a beetle and eats it.
The crimson imp hits you.
You die...

#........#......####### #........
###.#.#..#......#.....# #####....
.........#......#.....# #....
.>....#.##.######.....# #....
...........#..........#######....
####.##.####.....................
# #.##.# #..............###.... #
#.##'## #...5h5........# #.... #
#.....# #....h.........# #....
#.....###..............# #####
#.....#................#
#.....#.#..............#
#.....#.#......#########
####.....#.#......#
...#.....#.######## ##S#######.#
..<........#


You could see Natasha and 2 crimson imps.

Vanquished Creatures
  Jessica (D:2)
  Natasha (twice) (D:2)
  2 adders (D:2)
  A gnoll (D:1)
  2 dart slugs (D:2)
  An endoplasm (D:1)
  3 giant cockroaches
  A goblin (D:2)
  A hobgoblin (D:2)
  4 jackals (D:2)
  4 kobolds (D:1)
  2 quokkas (D:1)
  5 ball pythons
  3 bats (D:1)
  A frilled lizard (D:1)
  5 rats
38 creatures vanquished.

Notes
Turn   | Place    | Note
-------+----------+-------------------------------------------
     0 | D:1      | Lekart the Draconian Monk began the quest for the Orb.
     0 | D:1      | Reached XP level 1. HP: 19/19 MP: 1/1
   325 | D:1      | Reached XP level 2. HP: 26/26 MP: 2/2
   808 | D:1      | Reached XP level 3. HP: 33/33 MP: 3/3
  1012 | D:2      | Noticed Jessica
  1020 | D:2      | Killed Jessica
  1140 | D:2      | Reached XP level 4. HP: 40/40 MP: 4/4
  1195 | D:2      | Found a sparkling altar of Nemelex Xobeh.
  1216 | D:2      | Noticed Natasha
  1240 | D:2      | Killed Natasha
  1241 | D:2      | Reached skill level 4 in Fighting
  1241 | D:2      | Reached skill level 1 in Short Blades
  1527 | D:2      | Noticed Natasha
  1533 | D:2      | Killed Natasha
  1667 | D:2      | Reached XP level 5. HP: 45/46 MP: 5/5
  1761 | D:2      | Noticed Natasha
  1778 | D:2      | HP: 1/46 [Natasha/magic dart (8)]
  1778 | D:2      | Slain by a crimson imp

Illustrated notes

Levels and vault maps discovered:
D:1:      lemuel_arrival_hallway, layout_loops_ring, lemuel_old_faithful
D:2:      layout_basic, basic_altar, uniq_natasha, uniq_jessica

Skill      XL: |  1  2  3  4 |
---------------+-------------+-----
Dodging        | 3 |  3.7
Stealth        | 2 |  2.7
Fighting       | 4 |  4.1
Short Blades   | 1 |  1.2
Long Blades    | |  3.5

Action                   |  1- 3 |  4- 6 || total
-------------------------+-------+-------++-------
Melee: Falchion          |    37 |       ||    37
       Tailslap          |     7 |     2 ||     9
       Dagger            |    37 |    20 ||    57
       Club              |       |    10 ||    10
       Unarmed           |       |     8 ||     8
 Stab: Sleeping          |     8 |       ||     8
Armor: Skin              |    18 |     8 ||    26
Dodge: Dodged            |    61 |    23 ||    84

Table legend: (Time is in decaauts)
 A = Elapsed time spent in this place.
 B = Non-inter-level travel time spent in this place.
 C = Inter-level travel time spent in this place.
 D = Time resting spent in this place.
 E = Time spent auto-exploring this place.
 F = Levels seen in this place.
 G = Mean time per level.
                   A        B        C        D        E       F      G
               +--------+--------+--------+--------+--------+-----+--------+
         Total |   1798 |   1750 |     48 |    199 |   1240 |   2 |  899.0 |
       Dungeon |   1798 |   1750 |     48 |    199 |   1240 |   2 |  899.0 |
               +--------+--------+--------+--------+--------+-----+--------+

Top non-repeatable levels by time:
     D:1: 1061 daAuts
     D:2: 737 daAuts
